 Dungeon Crawl Stone Soup version 0.27.1-2-g3b301248ec (webtiles) character file.

Game seed: 16420057758779164740

1008 MisterFreud the Skirmisher (level 8, -11/65 HPs)
             Began as a Gnoll Wanderer on Sept 22, 2021.
             Was a Priest of Ru.
             Mangled by an ogre (21 damage)
             ... on level 6 of the Dungeon.
             The game lasted 00:10:50 (7466 turns).

MisterFreud the Skirmisher (Gnoll Wanderer)         Turns: 7466, Time: 00:10:51

Health: -11/65     AC:  7    Str: 12    XL:     8   Next: 20%
Magic:  12/12      EV: 12    Int: 21    God:    Ru [***...]
Gold:   370        SH:  0    Dex: 10    Spells: 12/12 levels left

rFire    . . .     SeeInvis .   t - +2 dagger (flame)
rCold    . . .     Faith    .   (no shield)
rNeg     . . .     Spirit   .   d - +0 robe
rPois    .         Reflect  .   s - +0 helmet
rElec    .         Harm     .   (no cloak)
rCorr    .         Rampage  .   (no gloves)
Will     .....                  (no boots)
Stlth    +++.......             A - amulet of regeneration
HPRegen  1.20/turn              i - +4 ring of protection
MPRegen  0.13/turn              u - +6 ring of intelligence

@: no status effects
A: fangs 1, hated by all, unskilled 1, strong nose, distributed training
a: Renounce Religion, Draw Out Power


You were on level 6 of the Dungeon.
You worshipped Ru.
Ru was most pleased with you.
You visited 1 branch of the dungeon, and saw 6 of its levels.
You also visited: Ossuary.

You collected 370 gold pieces.

Inventory:

Hand Weapons
 a - a +2 shortbow
 b - a +0 dagger
 t - a +2 dagger of flaming (weapon)
Missiles
 e - 44 arrows
 g - 13 javelins (quivered)
 l - 17 poisoned darts
 q - 6 curare-tipped darts
Armour
 d - a +0 robe (worn)
 s - a +0 helmet (worn)
Jewellery
 i - a +4 ring of protection (left hand)
 u - a +6 ring of intelligence (right hand)
 A - an amulet of regeneration (around neck)
Scrolls
 c - 4 scrolls of teleportation
 h - a scroll of enchant armour {unknown}
 j - a scroll of immolation {unknown}
 k - 2 scrolls of noise {unknown}
 m - 3 scrolls of blinking {unknown}
 n - 2 scrolls of vulnerability {unknown}
 o - 2 scrolls of amnesia {unknown}
 r - a scroll of silence {unknown}
 w - 3 scrolls of identify {unknown}
 x - a scroll of magic mapping {unknown}
 y - 2 scrolls of fear {unknown}
Potions
 f - 4 potions of curing
 p - 3 potions of resistance {unknown}
 v - 2 potions of lignification {unknown}
 z - a potion of heal wounds
 B - 2 potions of flight {unknown}


   Skills:
 + Level 6.6 Fighting
 + Level 3.6 Short Blades
 + Level 2.7 Long Blades
 + Level 2.7 Axes
 + Level 2.7 Maces & Flails
 + Level 2.7 Polearms
 + Level 2.7 Staves
 + Level 2.7 Slings
 + Level 5.0 Bows
 + Level 2.7 Crossbows
 + Level 2.7 Throwing
 + Level 3.6 Armour
 + Level 2.7 Dodging
 + Level 4.7 Stealth
 + Level 2.7 Shields
 + Level 2.7 Unarmed Combat
 + Level 2.7 Spellcasting
 + Level 2.2 Conjurations
 + Level 2.2 Hexes
   Level 1.7 Summonings
 + Level 2.2 Necromancy
 + Level 2.2 Translocations
 + Level 2.2 Transmutations
 + Level 2.2 Fire Magic
 + Level 2.2 Ice Magic
 + Level 2.2 Air Magic
 + Level 2.2 Earth Magic
 + Level 2.2 Poison Magic
 + Level 3.0 Invocations
 + Level 3.6 Evocations


You had 12 spell levels left.
You didn't know any spells.
Your spell library was empty.

Dungeon Overview and Level Annotations

Branches:
Dungeon (6/15)             Temple (0/1) D:5         Ossuary (visited)

Altars:
Dithmenos
Fedhas
Kikubaaqudgha
Qazlal
Ru
Uskayaw
Xom

Shops:
D:3 (


Innate Abilities, Weirdness & Mutations

You have very sharp teeth.
You are hated by all.
You are somewhat unskilled. (-1 Apt)
Your uncanny sense of smell can sniff out nearby items.
Your experience applies equally to all skills.


Message History

You hit the orc wizard but do no damage.
Your bite misses the orc wizard.
The orc wizard begins to cast a spell, but is stunned by your conviction!
You hit the orc wizard but do no damage.
An adder comes into view.
The orc wizard hits you but does no damage.
You hit the orc wizard. You burn the orc wizard.
You bite the orc wizard, but do no damage.
The orc wizard is moderately wounded.
You hit the orc wizard. You burn the orc wizard.
The orc wizard is heavily wounded.
The orc wizard casts a spell.
The orc wizard flickers and vanishes!
The adder completely misses you.
You hear some strange, mumbled words.
You hit something but do no damage. The adder barely misses you.
Something hits you but does no damage.
You hit the adder. You burn the adder.
The adder is heavily wounded.
The adder bites you but does no damage. The ogre barely misses you.
Something hits you but does no damage. The adder misses you.
You closely miss the adder.
The adder is heavily wounded.
Something hits you but does no damage.
The ogre hits you with a +0 giant spiked club!!
The adder closely misses you.
You barely miss the adder.
The adder is heavily wounded.
The adder barely misses you. Something hits you but does no damage.
You closely miss the adder. Your punch misses the adder.
The adder is heavily wounded.
The ogre hits you with a +0 giant spiked club!!
* * * LOW HITPOINT WARNING * * *
The adder bites you but does no damage.
You barely miss the adder.
The adder is heavily wounded.
Something hits you.
* * * LOW HITPOINT WARNING * * *
The adder barely misses you.
The ogre hits you with a +0 giant spiked club!!
You die...

..##.###.##.##.#
.#.#.###.##.##.#
.##..#......##.#
##.#.#.#.#####.#
#.##.#.#.#####.# ##
..##...........# ..
..####.############.####
.......# .)...ZO.S.....#
.####### # #h#@# .##
##.##.#{# ..# ......#{#
..# #.##.#o# ..#
##.....O# ..# ........#
..# ..###...# ## ..#
........# (... .....
#.####..#.....


You could see 2 ogres, an adder, an orc and a bullfrog skeleton.

Vanquished Creatures
  A phantom (D:5)
  A kobold brigand (D:6)
  An elf zombie (Ossuary)
  A scorpion (D:6)
  A water moccasin skeleton (D:5)
  A howler monkey (D:5)
  3 centaur zombies (Ossuary)
  A human zombie (Ossuary)
  4 hounds
  An orc priest (D:6)
  2 scorpion zombies (D:5)
  2 orc wizards
  A hound skeleton (D:4)
  2 mummies (Ossuary)
  Robin (D:3)
  9 adders
  2 adder skeletons (D:4)
  A worm (D:2)
  2 dart slugs
  8 orcs
  3 ball pythons
  6 endoplasms
  4 giant cockroaches
  18 goblins
  9 hobgoblins
  2 jackals (D:3)
  4 quokkas
  2 bats
  A frilled lizard (D:1)
  3 goblin zombies (Ossuary)
  13 hobgoblin zombies (Ossuary)
  A jackal skeleton (D:4)
  A jackal zombie (Ossuary)
  12 kobolds
  7 kobold zombies (Ossuary)
  6 orc zombies (Ossuary)
  A quokka zombie (D:4)
  4 rats
  A rat zombie (Ossuary)
143 creatures vanquished.

Vanquished Creatures (others)
  A centaur zombie (Ossuary)
  A quokka zombie (D:4)
2 creatures vanquished.

Grand Total: 145 creatures vanquished

Notes
Turn   | Place    | Note
-------+----------+-------------------------------------------
     0 | D:1      | MisterFreud the Gnoll Wanderer began the quest for the Orb.
     0 | D:1      | MisterFreud set off with the following items: a +2
                  | shortbow, 27 arrows, 2 scrolls of teleportation, a +0 robe,
                  | a +0 dagger
     0 | D:1      | Reached XP level 1. HP: 23/23 MP: 1/1
   212 | D:1      | Reached XP level 2. HP: 23/29 MP: 2/2
  1107 | D:1      | Reached XP level 3. HP: 15/35 MP: 3/3
  1688 | D:2      | Reached skill level 1 in Invocations
  1807 | D:2      | Found a faded altar of an unknown god.
  1819 | D:2      | Became a worshipper of Ru the Awakened
  1841 | D:2      | Gained mutation: You are somewhat unskilled. (-1 Apt) [Ru
                  | sacrifice]
  1841 | D:2      | Reached * piety under Ru
  1920 | D:2      | Reached skill level 1 in Invocations
  2106 | D:2      | Reached skill level 1 in Long Blades
  2106 | D:2      | Reached skill level 1 in Axes
  2106 | D:2      | Reached skill level 1 in Maces & Flails
  2106 | D:2      | Reached skill level 1 in Polearms
  2106 | D:2      | Reached skill level 1 in Staves
  2106 | D:2      | Reached skill level 1 in Slings
  2106 | D:2      | Reached skill level 1 in Crossbows
  2106 | D:2      | Reached skill level 1 in Throwing
  2106 | D:2      | Reached skill level 1 in Dodging
  2106 | D:2      | Reached skill level 1 in Shields
  2106 | D:2      | Reached skill level 1 in Unarmed Combat
  2106 | D:2      | Reached skill level 1 in Spellcasting
  2106 | D:2      | Reached XP level 4. HP: 40/40 MP: 5/5
  2738 | D:3      | Found a hide-covered altar of Uskayaw.
  2742 | D:3      | Found a shimmering altar of Xom.
  2985 | D:3      | Noticed Robin
  3021 | D:3      | Found Vuukkeh's Antique Weapon Shoppe.
  3535 | D:3      | Killed Robin
  3826 | D:3      | Reached XP level 5. HP: 46/46 MP: 6/6
  3861 | D:3      | Reached skill level 1 in Conjurations
  3861 | D:3      | Reached skill level 1 in Hexes
  3861 | D:3      | Reached skill level 1 in Summonings
  3861 | D:3      | Reached skill level 1 in Necromancy
  3861 | D:3      | Reached skill level 1 in Translocations
  3861 | D:3      | Reached skill level 1 in Transmutations
  3861 | D:3      | Reached skill level 1 in Fire Magic
  3861 | D:3      | Reached skill level 1 in Ice Magic
  3861 | D:3      | Reached skill level 1 in Air Magic
  3861 | D:3      | Reached skill level 1 in Earth Magic
  3861 | D:3      | Reached skill level 1 in Poison Magic
  4175 | D:4      | Found a shadowy altar of Dithmenos.
  4491 | D:4      | Found a sand-covered staircase.
  4499 | Ossuary  | Entered an ossuary
  4621 | Ossuary  | Gained mutation: You are hated by all. [Ru sacrifice]
  4621 | Ossuary  | Reached ** piety under Ru
  4621 | Ossuary  | Reached *** piety under Ru
  4696 | Ossuary  | Reached XP level 6. HP: 23/52 MP: 8/8
  5320 | Ossuary  | Reached XP level 7. HP: 44/59 MP: 8/10
  5746 | D:4      | Found a stormy altar of Qazlal.
  6180 | D:5      | Entered Level 5 of the Dungeon
  6335 | D:5      | Reached skill level 1 in Summonings
  6742 | D:5      | Found a staircase to the Ecumenical Temple.
  7246 | D:6      | Found an ancient bone altar of Kikubaaqudgha.
  7280 | D:6      | Reached skill level 5 in Bows
  7280 | D:6      | Reached XP level 8. HP: 46/65 MP: 11/11
  7466 | D:6      | Mangled by an ogre

Illustrated notes

Levels and vault maps discovered:
D:1:      erik_arrival_orb_chamber, layout_basic, serial_curves, eino_curves_02,
          eino_curves_02, nrook_uturn, minmay_misc_feat_four_crosses
D:2:      layout_loops_ring, hellmonk_ecumenical_altar_pennies_from_heaven
D:3:      layout_loops_corners, minitemple, serial_shops, shop_statue,
          uniq_robin
D:4:      layout_basic, grunt_dithmenos_smoke_and_mirrors, lemuel_round_altar,
          enter_ossuary_4, corexii_corridor_pit
D:5:      layout_basic, fedhas_ov_isle_minmay, minmay_temple_entry_tees
D:6:      layout_loops_cross, lemuel_tele_altar, serial_shops, shop

Skill      XL: |  1  2  3  4  5  6  7  8 |
---------------+-------------------------+-----
Invocations    | 1 2 3 |  3.0
Stealth        | 3 4 |  4.7
Long Blades    | 1 2 |  2.7
Axes           | 1 2 |  2.7
Maces & Flails | 1 2 |  2.7
Polearms       | 1 2 |  2.7
Staves         | 1 2 |  2.7
Slings         | 1 2 |  2.7
Crossbows      | 1 2 |  2.7
Throwing       | 1 2 |  2.7
Dodging        | 1 2 |  2.7
Shields        | 1 2 |  2.7
Unarmed Combat | 1 2 |  2.7
Spellcasting   | 1 2 |  2.7
Conjurations   | 1 2 |  2.2
Hexes          | 1 2 |  2.2
Summonings     | 0 1 |  1.7
Necromancy     | 1 2 |  2.2
Translocations | 1 2 |  2.2
Transmutations | 1 2 |  2.2
Fire Magic     | 1 2 |  2.2
Ice Magic      | 1 2 |  2.2
Air Magic      | 1 2 |  2.2
Earth Magic    | 1 2 |  2.2
Poison Magic   | 1 2 |  2.2
Short Blades   | 3 |  3.6
Armour         | 3 |  3.6
Evocations     | 3 |  3.6
Bows           | 5 |  5.0
Fighting       | |  6.6

Action                   |  1- 3 |  4- 6 |  7- 9 || total
-------------------------+-------+-------+-------++-------
Melee: Dagger            |   145 |   390 |   223 ||   758
       Bite              |     9 |    37 |    23 ||    69
       Punch             |     1 |     1 |     2 ||     4
 Fire: Shortbow          |    12 |    12 |       ||    24
Invok: Sacrifice Skill   |     1 |       |       ||     1
       Sacrifice Love    |       |     1 |       ||     1
       Draw Out Power    |       |     2 |       ||     2
  Use: Potion            |       |     2 |       ||     2
 Stab: Sleeping          |     1 |     4 |     6 ||    11
       Distracted        |       |     1 |     2 ||     3
Armor: Robe              |    16 |   167 |    50 ||   233
Dodge: Dodged            |    73 |   190 |    97 ||   360
